 Dungeon Crawl Stone Soup version 0.21.1-1-g345015f (webtiles) character file.

82216 buskinjo2 the Spear-Bearer (level 15, -6/111 HPs)
             Began as an Octopode Fighter on Mar 3, 2018.
             Was an Initiate of Gozag.
             Shot with an arrow by a centaur warrior (12 damage)
             ... on level 15 of the Dungeon.
             The game lasted 01:23:01 (29174 turns).

buskinjo2 the Spear-Bearer (Octopode Fighter)      Turns: 29174, Time: 01:23:01

Health: -6/111     AC:  3    Str: 22    XL:     15   Next: 73%
Magic:  26/26      EV: 27    Int: 19    God:    Gozag
Gold:   2077       SH:  9    Dex: 19    Spells: 4/28 levels left

rFire    . . .     SeeInvis +   a - +9 trident (freeze) {I}
rCold    + . .     Gourm    +   q - +2 buckler
rNeg     + . .     Faith    .   j - +2 hat
rPois    +         Spirit   .   W - amulet "Tyru" {Gourm rElec rC+ Int+3 Stlth+}
rElec    +         Reflect  .   M - ring of poison resistance
rCorr    .         Harm     .   z - +3 ring of dexterity
MR       +....                  L - ring of positive energy
Stlth    ++++++++..             T - ring of wizardry
HPRegen  0.28/turn              R - +5 ring of strength
MPRegen  0.20/turn              X - +5 ring of dexterity
                                h - +6 ring of evasion
                                Y - ring of see invisible

@: gold aura, very slightly contaminated
A: almost no armour, stealthy swim, amphibious, 8 rings, constrict 8, camouflage
1, gelatinous body 1
a: Potion Petition, Call Merchant, Bribe Branch, Renounce Religion


You were on level 15 of the Dungeon.
You worshipped Gozag.
Gozag was most pleased with you.
You were not hungry.

You visited 3 branches of the dungeon, and saw 22 of its levels.

You collected 6299 gold pieces.
You spent 2212 gold pieces at shops.
You paid 2010 gold pieces to Gozag.

Inventory:

Hand Weapons
 a - a +9 trident of freezing (weapon) {I}
Armour
 j - a +2 hat (worn)
 q - a +2 buckler (worn)
Magical Staves
 b - an uncursed staff of energy
Jewellery
 h - a +6 ring of evasion (on tentacle)
 z - a +3 ring of dexterity (right tentacle)
 A - an uncursed ring of ice
 L - a ring of positive energy (on tentacle)
 M - a ring of poison resistance (left tentacle)
 O - an uncursed ring of fire
 R - a +5 ring of strength (on tentacle)
 T - a ring of wizardry (on tentacle)
 W - the amulet "Tyru" (around mantle) {Gourm rElec rC+ Int+3 Stlth+}
   (You found it on level 11 of the Dungeon)

   [amulet of the gourmand]

   It allows you to eat raw meat even when not hungry.
   It affects your intelligence (+3).
   It protects you from cold.
   It insulates you from electricity.
   It makes you more stealthy.
 X - a +5 ring of dexterity (on tentacle)
 Y - a ring of see invisible (on tentacle)
 Z - an uncursed ring of protection from magic
Wands
 m - a wand of disintegration (5)
 w - a wand of random effects (24)
 y - a wand of acid (3)
 G - a wand of enslavement (17)
 J - a wand of paralysis (9)
Scrolls
 c - 5 scrolls of teleportation
 e - 6 scrolls of amnesia
 k - 3 scrolls of magic mapping
 t - 7 scrolls of remove curse
 v - 4 scrolls of fog
 B - 3 scrolls of blinking
 C - a scroll of enchant armour
 D - 3 scrolls of holy word
 H - 4 scrolls of vulnerability
 I - 2 scrolls of fear
 P - 10 scrolls of identify
 Q - a scroll of enchant weapon
Potions
 f - 7 potions of heal wounds
 g - 4 potions of mutation
 l - 3 potions of invisibility
 n - 3 potions of cancellation
 o - 3 potions of flight
 p - 5 potions of haste
 r - 2 potions of resistance
 s - 6 potions of brilliance
 x - 4 potions of berserk rage
 E - a potion of might
 K - a potion of lignification
 N - 2 potions of agility
 S - 5 potions of curing
Books
 u - a book of Burglary

   Spells                             Type                      Level
   a - Swiftness                      Charms/Air                   2
   b - Passwall                       Transmutation/Earth          2
   c - Passage of Golubria            Translocation                4
   d - Lee's Rapid Deconstruction     Earth                        5
   e - Darkness                       Hexes                        6
   f - Invisibility                   Hexes                        6
Miscellaneous
 i - a lightning rod (4/4)
 U - a lamp of fire
Comestibles
 d - 14 rations


   Skills:
 - Level 13.2 Fighting
 - Level 14.2 Polearms
 - Level 9.2 Dodging
 - Level 13.6 Stealth
 - Level 10.2 Shields
 + Level 7.3 Spellcasting
 - Level 1.4 Conjurations
 - Level 2.0 Translocations
 - Level 1.4 Air Magic
 - Level 1.4 Earth Magic
 - Level 1.8 Poison Magic
 - Level 7.4 Evocations


You had 4 spell levels left.
You knew the following spells:

 Your Spells              Type           Power        Failure   Level  Hunger
a - Passwall              Tmut/Erth      #.........   4%          2    None
b - Blink                 Tloc           N/A          2%          2    None
c - Mephitic Cloud        Conj/Pois/Air  ##......     6%          3    #......
d - Swiftness             Chrm/Air       #.......     4%          2    None
e - Apportation           Tloc           ##....       1%          1    None
f - Summon Butterflies    Summ           #.......     4%          1    None
g - Lesser Beckoning      Tloc           ##........   4%          3    #......
h - Song of Slaying       Chrm           #.......     6%          2    None
i - Spectral Weapon       Hex/Chrm       #.......     12%         3    #......
j - Regeneration          Chrm/Necr      #.........   12%         3    #......
k - Shroud of Golubria    Chrm/Tloc      ##........   4%          2    None


Dungeon Overview and Level Annotations

Branches:
Dungeon (15/15)            Temple (1/1) D:4            Lair (6/6) D:11
 Shoals (0/4) Lair:2        Snake (0/4) Lair:4        Slime (0/5) Lair:6
    Orc (0/2) D:10         Vaults (0/5) D:13         Depths (0/5) D:15

Altars:
Ashenzari
Cheibriados
Dithmenos
Elyvilon
Fedhas
Gozag
Hepliaklqana
Kikubaaqudgha
Makhleb
Nemelex Xobeh
Okawaru
Qazlal
Ru
Sif Muna
Trog
Uskayaw
Vehumet
Wu Jian
Xom
Yredelemnul
Zin
The Shining One

Shops:
D:8 (*?%   D:10 }   D:11 *   Lair:2 }=

Annotations:
D:4 soepske's ghost, amateur KoFi
D:7 Joseph; letownia2's ghost, novice TeAE
D:8 exclusion: two-headed ogre
D:13 exclusion: 2 downstairs
D:14 1 exclusion


Innate Abilities, Weirdness & Mutations

You cannot wear most types of armour.
You are very stealthy in the water. (Stealth+)
You are amphibious.
You can wear up to eight rings at the same time.
You can use your tentacles to constrict eight enemies at once.
Your skin changes colour to match your surroundings (Stealth+).
Your rubbery body absorbs attacks. (AC +1, EV +1)


Message History

The centaur warrior shoots an arrow.
The arrow barely misses you.
The centaur warrior shoots an arrow.
The arrow hits you!!
* * * LOW HITPOINT WARNING * * *
You see here 3 arrows.
The centaur warrior shoots an arrow.
The arrow closely misses you.
The centaur warrior shoots an arrow.
The arrow hits you!
* * * LOW HITPOINT WARNING * * *
You see here 5 arrows.
Unknown command.
Blink to where?
Press: ? - help, Dir - move target cursor, p - centaur warrior You are very lightly contaminated with residual magic.
As you read the scroll of blinking, it crumbles to dust.
The centaur warrior shoots an arrow.
The arrow barely misses you.
Unknown command.
As you read the scroll of fog, it crumbles to dust.
The scroll dissolves into smoke.
The centaur warrior shoots an arrow.
The arrow hits you!
You die...
Your body crumbles into a pile of gold.

#......#.# ###...$$c#.####
..'....(......#
###.....(#..#.#####
......(.((...........#
#############.#.##.##..#
.................§.....#
#######.#####..§§#.#...#
##..§§.....##.§@#.#...#
##...§.≈.≈...#.§§#.#...#
#....≈≈#≈≈.......§.....#
....#≈≈≈≈≈#.....#......##########
..≈≈≈§≈≈≈§§≈≈.#.#................
...§≈§...≈§≈..#...##.############
..≈#§§.>.≈≈#≈............# #
...≈≈§...≈≈≈.§##...#.###.# #
).≈§§≈≈.≈≈≈≈§.###....# #.# #


You could see a centaur warrior.

Vanquished Creatures
  Gastronok (D:9)
  A fire giant (D:15)
  A dire elephant (Lair:6)
  Fannar (D:10)
  The ghost of appiemonkey the Grappler, a journeyman NaTm of Cheibriados (Lair:1)
  A centaur warrior (D:15)
  11 hydras
  2 ogre magi (D:14)
  A catoblepas (Lair:6)
  11 two-headed ogres
  6 death yaks
  A deep troll shaman (Lair:6)
  Sonja (D:10)
  An iron troll (D:13)
  5 skeletal warriors (D:15)
  2 unseen horrors
  A swamp dragon (shapeshifter) (D:13)
  5 wizards
  2 orc knights (D:15)
  A phantasmal warrior (D:14)
  5 deep elf magi
  4 oklob plants
  A salamander (shapeshifter) (D:15)
  5 cyclopes
  3 elephants (Lair:6)
  7 ugly things
  Maurice (D:8)
  2 black mambas
  12 spiny frogs
  3 centaur skeletons
  2 gargoyles
  An ice statue (D:11)
  A kobold demonologist (D:12)
  7 komodo dragons
  A rime drake (Lair:5)
  2 freezing wraiths
  2 merfolk (Lair:2)
  5 trolls
  3 polar bears
  3 meliai (D:14)
  Prince Ribbit (D:7)
  6 slime creatures (D:14)
  3 hornets
  14 blink frogs
  8 hippogriffs
  A shadow (D:12)
  3 wraiths
  A wyvern (Lair:2)
  2 basilisks
  23 yaks
  3 hungry ghosts
  7 vampire mosquitoes
  A steam dragon (D:15)
  Edmund (D:6)
  6 nagas (Lair:4)
  A warg (D:15)
  3 soldier ants
  9 water moccasins
  4 porcupines
  4 black bears
  15 orc warriors
  5 ice beasts
  4 sky beasts
  4 ogres
  4 phantoms
  17 wolves
  10 crocodiles
  2 necrophages
  10 centaurs
  3 big kobolds (D:12)
  18 bullfrogs
  2 wyvern skeletons (D:14)
  2 killer bees (D:12)
  2 scorpions
  7 wights
  A howler monkey (D:10)
  2 electric eels
  9 crimson imps
  A bullfrog zombie (D:13)
  3 centaur zombies
  2 quasits
  2 jellies
  3 bullfrog skeletons
  2 hounds
  7 orc priests
  23 orc wizards
  6 iguanas
  7 hell rats (Lair:2)
  14 worker ants
  A hound skeleton (D:3)
  A howler monkey zombie (D:10)
  18 adders
  4 shadow imps
  2 adder skeletons
  2 worms
  A dart slug (D:3)
  9 leopard geckos
  77 orcs
  5 bats
  7 giant cockroaches
  7 goblins
  5 hobgoblins
  6 jackals
  6 kobolds
  2 quokkas
  A ball python (D:4)
  6 frilled lizards
  A quokka skeleton (D:4)
  12 rats
  2 fungi (D:11)
  5 plants (D:11)
594 creatures vanquished.

Vanquished Creatures (others)
  2 killer bees (D:12)
  5 fungi
  7 plants
  2 spectral weapons (D:15)
16 creatures vanquished.

Grand Total: 610 creatures vanquished

Notes
Turn   | Place    | Note
-------+----------+-------------------------------------------
     0 | D:1      | buskinjo2 the Octopode Fighter began the quest for the Orb.
     0 | D:1      | Reached XP level 1. HP: 16/16 MP: 1/1
   101 | D:1      | Reached XP level 2. HP: 19/21 MP: 2/2
   242 | D:1      | Reached skill level 3 in Polearms
   904 | D:2      | Found a sacrificial altar of Ru.
   905 | D:2      | Found a deep blue altar of Sif Muna.
   905 | D:2      | Found a basalt altar of Yredelemnul.
   907 | D:2      | Found a burning altar of Makhleb.
   908 | D:2      | Found a radiant altar of Vehumet.
   915 | D:2      | Reached XP level 3. HP: 26/26 MP: 3/3
  2013 | D:3      | Reached skill level 4 in Polearms
  2013 | D:3      | Reached XP level 4. HP: 31/31 MP: 4/4
  2209 | D:3      | Reached skill level 5 in Polearms
  2209 | D:3      | Reached XP level 5. HP: 36/36 MP: 5/5
  2774 | D:3      | Noticed a centaur
  2785 | D:3      | Killed a centaur
  2785 | D:3      | Reached skill level 6 in Polearms
  2785 | D:3      | Reached XP level 6. HP: 12/42 MP: 6/6
  3475 | D:4      | Noticed a phantom
  3495 | D:4      | Killed a phantom
  3495 | D:4      | Reached skill level 7 in Polearms
  3627 | D:4      | Found a staircase to the Ecumenical Temple.
  3638 | D:4      | Reached XP level 7. HP: 46/46 MP: 7/7
  3644 | Temple   | Entered the Ecumenical Temple
  3713 | Temple   | Became a worshipper of Gozag Ym Sagoz the Greedy
  3799 | D:4      | Noticed soepske's ghost (amateur KoFi)
  4085 | D:4      | Reached skill level 1 in Stealth
  4289 | D:4      | Found a bloodstained altar of Trog.
  4580 | D:5      | Entered Level 5 of the Dungeon
  5140 | D:4      | Reached skill level 8 in Polearms
  5487 | D:5      | Reached XP level 8. HP: 27/52 MP: 8/8
  5773 | D:6      | Found a shattered altar of Ashenzari.
  5786 | D:6      | Reached skill level 5 in Stealth
  5952 | D:6      | Noticed Edmund
  5957 | D:6      | Killed Edmund
  6136 | D:6      | Reached skill level 9 in Polearms
  6168 | D:6      | Found a shadowy altar of Dithmenos.
  6511 | D:6      | Got a bloodstained hand axe
  6512 | D:6      | Identified the +4 hand axe of Darkness {flame, MP+9 Dex+3} (You found it on level 6 of the Dungeon)
  7455 | D:7      | Noticed a hippogriff
  7463 | D:7      | Killed a hippogriff
  7463 | D:7      | Reached skill level 10 in Polearms
  7668 | D:7      | Noticed letownia2's ghost (novice TeAE)
  7763 | D:7      | Noticed Joseph
  7840 | D:7      | Reached XP level 9. HP: 56/56 MP: 9/9
  8011 | D:7      | Found a deep blue altar of Sif Muna.
  8118 | D:7      | Reached skill level 11 in Polearms
  8241 | D:8      | Found Coed's Magic Scroll Shop.
  8261 | D:8      | Bought a scroll of brand weapon for 220 gold pieces
  8265 | D:8      | Bought a scroll of teleportation for 33 gold pieces
  8265 | D:8      | Bought a scroll of identify for 22 gold pieces
  8265 | D:8      | Bought a scroll of blinking for 82 gold pieces
  8265 | D:8      | Bought a scroll of enchant armour for 82 gold pieces
  8265 | D:8      | Bought a scroll of holy word for 82 gold pieces
  8265 | D:8      | Bought a scroll of identify for 22 gold pieces
  8265 | D:8      | Bought a scroll of identify for 22 gold pieces
  8374 | D:8      | Noticed a two-headed ogre
  9401 | D:7      | Reached skill level 12 in Polearms
  9814 | D:8      | Found Xoagov's General Store.
  9817 | D:8      | Noticed Prince Ribbit
  9818 | D:8      | Noticed Maurice
  9836 | D:7      | Killed Prince Ribbit
  9974 | D:8      | Reached XP level 10. HP: 59/63 MP: 10/10
  9982 | D:8      | Killed Maurice
 10183 | D:8      | Learned a level 2 spell: Passwall
 10346 | D:8      | Got a translucent war axe
 10347 | D:8      | Identified the +8 war axe of Wyhienoa {chop, *Slow +Fly rN+ Dex+7} (You found it on level 8 of the Dungeon)
 10406 | D:8      | Bought a scroll of fear for 52 gold pieces
 10406 | D:8      | Bought a wand of flame (18) for 150 gold pieces
 10415 | D:8      | Found Popev's Antique Weapon Shoppe.
 10586 | D:8      | Reached skill level 13 in Polearms
 10609 | D:8      | Found Pacaqo's Food Emporium.
 10631 | D:8      | Reached skill level 1 in Evocations
 10830 | D:9      | Noticed a two-headed ogre
 10840 | D:9      | Killed a two-headed ogre
 10886 | D:9      | Noticed Gastronok
 11153 | D:9      | Killed Gastronok
 11153 | D:9      | Reached skill level 14 in Polearms
 11153 | D:9      | Reached skill level 5 in Evocations
 11153 | D:9      | Reached XP level 11. HP: 65/67 MP: 13/15
 11247 | D:9      | Learned a level 2 spell: Blink
 11251 | D:9      | Learned a level 3 spell: Mephitic Cloud
 12020 | D:10     | Entered Level 10 of the Dungeon
 12026 | D:10     | Got an encrusted falchion
 12027 | D:10     | Identified the +11 falchion "Noefieshi" {protect, *Rage +Inv rC++} (You found it on level 10 of the Dungeon)
 12039 | D:10     | Noticed Fannar
 12054 | D:10     | Noticed Sonja
 12059 | D:10     | Killed Fannar
 12280 | D:10     | Noticed a two-headed ogre
 12281 | D:10     | Found a staircase to the Orcish Mines.
 12319 | D:10     | Paralysed by a hornet for 3 turns
 12563 | D:10     | Killed a two-headed ogre
 12563 | D:10     | Reached skill level 1 in Earth Magic
 12718 | D:10     | Killed Sonja
 12938 | D:11     | Noticed a death knight
 12990 | D:11     | Found Penopuy's Assorted Antiques.
 13178 | D:11     | Bought a scroll labeled OTATTU RIN IKA for 26 gold pieces
 13179 | D:11     | Bought a silver ring for 130 gold pieces
 13231 | D:11     | Noticed a cyclops
 13254 | D:11     | Killed a cyclops
 13424 | D:11     | Found a staircase to the Lair.
 13573 | D:11     | Reached skill level 5 in Dodging
 13739 | D:11     | Reached skill level 5 in Fighting
 13740 | D:11     | Noticed a two-headed ogre
 13763 | D:11     | Killed a two-headed ogre
 13779 | D:11     | Reached XP level 12. HP: 61/77 MP: 16/16
 14934 | D:11     | Found the +9 sword of Zonguldrok {reap}
 14954 | D:11     | Got a transparent scale mail
 14959 | D:11     | Got a glittering copper amulet
 14974 | D:11     | Identified the amulet "Tyru" {Gourm rElec rC+ Int+3 Stlth+} (You found it on level 11 of the Dungeon)
 15093 | D:10     | Bought a wand of paralysis (12) for 196 gold pieces
 15208 | D:11     | Reached skill level 1 in Poison Magic
 15227 | D:11     | Reached skill level 1 in Conjurations
 15227 | D:11     | Reached skill level 1 in Translocations
 15227 | D:11     | Reached skill level 1 in Air Magic
 15573 | Lair:1   | Entered Level 1 of the Lair of Beasts
 16079 | Lair:1   | Reached skill level 10 in Stealth
 16089 | Lair:1   | Noticed appiemonkey's ghost (journeyman NaTm)
 16117 | Lair:1   | Killed appiemonkey's ghost
 16810 | Lair:2   | Found a staircase to the Shoals.
 17281 | Lair:2   | Got a translucent lapis lazuli ring
 17657 | Lair:2   | Identified the ring "Pojiferi" {*Tele Dex+4} (You found it on level 2 of the Lair of Beasts)
 17698 | Lair:3   | Reached skill level 5 in Shields
 17848 | Lair:3   | Reached XP level 13. HP: 66/87 MP: 18/18
 18691 | Lair:4   | Found a staircase to the Snake Pit.
 19057 | Lair:4   | Learned a level 2 spell: Swiftness
 20637 | Lair:6   | Entered Level 6 of the Lair of Beasts
 20695 | Lair:6   | Reached skill level 10 in Fighting
 20718 | Lair:6   | Found a staircase to the Slime Pits.
 22255 | Lair:6   | Reached XP level 14. HP: 101/101 MP: 19/19
 22775 | Lair:6   | Noticed a dire elephant
 22812 | Lair:6   | Killed a dire elephant
 23131 | Lair:2   | Bought a +5 ring of dexterity for 453 gold pieces
 23142 | Lair:2   | Bought a lightning rod (4/4) for 640 gold pieces
 24716 | D:13     | Found a gate to the Vaults.
 26491 | D:14     | Reached XP level 15. HP: 111/111 MP: 20/20
 26525 | D:14     | Paralysed by a wizard for 5 turns
 26566 | D:14     | Learned a level 1 spell: Apportation
 26568 | D:14     | Learned a level 1 spell: Summon Butterflies
 26572 | D:14     | Learned a level 3 spell: Lesser Beckoning
 27169 | D:14     | Paralysed by an ogre mage for 6 turns
 27277 | D:14     | Found the +12 glaive of Prune {chop}
 27363 | D:14     | Reached skill level 10 in Shields
 27528 | D:15     | Entered Level 15 of the Dungeon
 27569 | D:15     | Learned a level 2 spell: Song of Slaying
 27573 | D:15     | Learned a level 3 spell: Spectral Weapon
 27633 | D:15     | Found a burning altar of Makhleb.
 27945 | D:15     | Reached skill level 5 in Spellcasting
 28362 | D:15     | Found a staircase to the Depths.
 28363 | D:15     | Noticed a fire giant
 28675 | D:15     | Killed a fire giant
 28959 | D:15     | Learned a level 3 spell: Regeneration
 28962 | D:15     | Learned a level 2 spell: Shroud of Golubria
 29172 | D:15     | HP: 5/111 [centaur warrior/arrow (14)]
 29174 | D:15     | Shot with an arrow by a centaur warrior

Skill      XL: |  1  2  3  4  5  6  7  8  9 10 11 12 13 14 15 |
---------------+----------------------------------------------+-----
Polearms       | 3 4 5 6 7 8 10 12 14 | 14.2
Stealth        | 4 5 7 8 10 11 13 | 13.6
Evocations     | 5 6 7 |  7.4
Shields        | 4 5 6 8 10 | 10.2
Spellcasting   | 3 7 |  7.3
Earth Magic    | 1 |  1.4
Fighting       | 5 7 11 13 | 13.2
Dodging        | 5 7 9 |  9.2
Poison Magic   | 1 |  1.8
Conjurations   | 1 |  1.4
Translocations | 1 2 |  2.0
Air Magic      | 1 |  1.4

Action                   |  1- 3 |  4- 6 |  7- 9 | 10-12 | 13-15 || total
-------------------------+-------+-------+-------+-------+-------++-------
Melee: Trident           |    80 |    59 |   275 |   668 |   915 ||  1997
       Constrict         |    13 |    23 |    33 |    69 |    77 ||   215
       Tentacles         |     4 |    23 |    60 |   144 |   209 ||   440
       Staff             |       |    38 |       |       |       ||    38
Throw: Tomahawk          |       |       |     3 |     1 |       ||     4
 Cast: Blink             |       |       |       |       |     9 ||     9
       Mephitic Cloud    |       |       |       |       |     8 ||     8
       Swiftness         |       |       |       |       |     1 ||     1
       Spectral Weapon   |       |       |       |       |     6 ||     6
Invok: Call Merchant     |       |       |       |     1 |     2 ||     3
Evoke: Wand              |       |       |     4 |    52 |    14 ||    70
       Lamp of fire      |       |       |       |     1 |     2 ||     3
       Lightning rod     |       |       |       |       |     8 ||     8
  Use: Scroll            |     2 |     6 |    15 |     8 |    13 ||    44
       Potion            |     1 |     1 |     2 |     2 |     1 ||     7
 Stab: Sleeping          |     7 |    10 |    11 |    28 |    38 ||    94
       Distracted        |       |       |     5 |     4 |    15 ||    24
       Paralysed         |       |       |       |    22 |     2 ||    24
       Petrified         |       |       |       |       |     4 ||     4
       Confused          |       |       |       |       |     1 ||     1
       Petrifying        |       |       |       |       |     1 ||     1
  Eat: Chunk             |     3 |     6 |       |       |       ||     9
       Ration            |       |       |     6 |     9 |    11 ||    26
Armor: Skin              |    14 |     6 |    14 |    25 |    10 ||    69
Dodge: Dodged            |    12 |    31 |    65 |   162 |   359 ||   629
Block: Shield            |    18 |       |       |       |       ||    18
       Buckler           |     2 |    11 |    27 |    81 |   165 ||   286
